 Dungeon Crawl Stone Soup version 0.30.1-11-g7821555f0a (webtiles) character file.

Game seed: 12913338513858994939

280 pkoi the Stinger (level 6, 0/46 (70) HPs)
             Began as a Draconian Venom Mage on Nov 20, 2023.
             Slain by Edmund
             ... wielding a +1 flail of draining
              (1 damage)
             ... on level 3 of the Dungeon.
             The game lasted 00:06:06 (3036 turns).

pkoi the Stinger (Draconian Venom Mage)             Turns: 3036, Time: 00:06:06

HP:   0/46 (70)     AC: 23    Str: 10    XL:     6   Next: 5%
MP:   7/9           EV:  2    Int: 18    God:
Gold: 109           SH:  0    Dex: 11    Spells: 2/9 levels left

rFire   + . .        g - +4 mace
rCold   + . .        (no shield)
rNeg    . . .        (body armour unavailable)
rPois   +            (helmet currently unavailable)
rElec   +            (cloak currently unavailable)
rCorr   +            (gloves currently unavailable)
SInv    .            p - melded +0 pair of boots
Will    +....        (no amulet)
Stlth   ++           h - ring of resist corrosion
HPRegen 0.27/turn    n - ring of willpower
MPRegen 0.11/turn

%: no passive effects
@: tree-form, resistant, very heavily drained
A: stationary, stasis, torment immunity, boosted hp, AC +6, unfitting armour,
(cold-blooded)
a: no special abilities


You were on level 3 of the Dungeon.
You were a tree.
You visited 1 branch of the dungeon, and saw 4 of its levels.

You collected 109 gold pieces.

Inventory:

Hand Weapons
 b - a +0 dagger
 g - a +4 mace (weapon)
 l - a +2 dagger of venom
Missiles
 o - 2 poisoned darts
Armour
 p - a +0 pair of boots (melded)
Jewellery
 h - a ring of resist corrosion (left branch)
 n - a ring of willpower (right branch)
 q - a ring of fire
Wands
 m - a wand of digging (3)
 r - a wand of flame (3)
Scrolls
 c - 3 scrolls of teleportation
 i - a scroll of identify
 k - a scroll of immolation
Potions
 a - a potion of magic
 d - 2 potions of curing
 e - a potion of mutation
 f - a potion of lignification


   Skills:
 + Level 1.5 Fighting
 + Level 2.3 Dodging
 - Level 1.7 Stealth
 + Level 2.4 Spellcasting
 - Level 3.0 Transmutations
 + Level 2.2 Air Magic
 + Level 4.6 Poison Magic


You had 2 spell levels left.
You knew the following spells:

 Your Spells              Type           Power      Damage    Failure   Level
a - Sting                 Tmut/Pois      60%        1d6       3%          1
b - Poisonous Vapours     Pois/Air       28%        N/A       6%          2
c - Olgreb's Toxic Radia  Pois           18%        N/A       26%         4

Your spell library contained the following spells:

 Spells                   Type           Power      Damage    Failure   Level
 Summon Small Mammal      Summ           8%         N/A       17%         1
 Mephitic Cloud           Conj/Pois/Air  10%        N/A       21%         3
 Call Canine Familiar     Summ           2%         N/A       45%         3
 Summon Guardian Golem    Hex/Summ       2%         N/A       45%         3


Dungeon Overview and Level Annotations

Branches:
Dungeon (4/15)
 Temple: D:4-7

Altars:

Annotations:
D:3 Edmund
D:4 Sigmund


Innate Abilities, Weirdness & Mutations

You are a tree.
Your roots penetrate the ground, keeping you stationary.
You cannot be teleported.
You are immune to unholy pain and torment.
Your maximum health is greatly increased.
Your equipment is partially melded.
((Your plain brown scales are hard. (AC +6)))
You cannot fit into any form of body armour.
((You are cold-blooded and may be slowed by cold attacks.))


Message History

You hit Edmund but do no damage.
Edmund looks as sick as possible!
Edmund is severely wounded.
Edmund hits you with a +1 flail of draining.
* * * LOW HITPOINT WARNING * * *
You feel drained.
* * * LOW HITPOINT WARNING * * *
You closely miss Edmund.
Edmund is severely wounded.
Edmund hits you but does no damage.
You feel drained.
You hit Edmund but do no damage.
Edmund is severely wounded.
Edmund says, "I'm quite good with sums, too."
Edmund hits you with a +1 flail of draining.
* * * LOW HITPOINT WARNING * * *
You feel drained.
* * * LOW HITPOINT WARNING * * *
Your +2 dagger of venom stops dripping with poison.
g - a +4 mace (weapon)
You closely miss Edmund.
Edmund is severely wounded.
Edmund hits you with a +1 flail of draining!
* * * LOW HITPOINT WARNING * * *
You feel drained.
* * * LOW HITPOINT WARNING * * *
You hit Edmund but do no damage.
Edmund is almost dead.
Edmund hits you but does no damage.
You feel drained. Edmund hits you but does no damage.
You feel drained.
Unknown command.
It was a potion of flight.
Your roots keep you in place.
Edmund hits you but does no damage.
You feel drained.
It was a potion of resistance.
You feel protected. Edmund completely misses you.
You closely miss Edmund.
Edmund is almost dead.
Edmund hits you with a +1 flail of draining.
* * * LOW HITPOINT WARNING * * *
You feel drained.
You die...

..........# #.).#....<..#.#
.........######.#.#.#.#...#
.........##.....#.#.#.#####
.........##.##..#.#.#.#
.........##.##........#
.........##.###.#.#####
.....<....#...........#
###'#####.#..########.#
###.# #.#..#..♣.# #.# ....#
#)#.....#@###.#
#########.#..#..#.....#
#.....#.....#######
#.#####...#.# #.# #.....#
#.#####.##### #.....#.#
#########.#.#


You could see Edmund (very poisoned).

Vanquished Creatures
  An ogre (D:3)
  Natasha (twice) (D:2)
  2 orc wizards (D:3)
  Robin (D:2)
  An adder (D:3)
  2 dart slugs
  3 orcs (D:3)
  4 bats
  6 endoplasms
  3 giant cockroaches
  11 goblins
  10 hobgoblins
  6 kobolds
  3 quokkas
  7 ball pythons
  A frilled lizard (D:1)
  8 rats
71 creatures vanquished.

Notes
Turn   | Place    | Note
-------+----------+-------------------------------------------
     0 | D:1      | pkoi the Draconian Venom Mage began the quest for the Orb.
     0 | D:1      | Reached XP level 1. HP: 14/14 MP: 3/3
   397 | D:1      | Reached XP level 2. HP: 16/20 MP: 0/5
   985 | D:2      | Noticed Natasha
   992 | D:2      | Killed Natasha
   993 | D:2      | Reached XP level 3. HP: 7/26 MP: 2/6
  1065 | D:2      | Learned a level 2 spell: Poisonous Vapours
  1182 | D:2      | Identified the +1 helmet of Zin's Hatred {Int+3}
  1182 | D:2      | Noticed Robin
  1214 | D:2      | Killed Robin
  1215 | D:2      | Reached skill level 4 in Poison Magic
  1215 | D:2      | Reached XP level 4. HP: 29/33 MP: 1/7
  1606 | D:2      | Reached skill level 1 in Air Magic
  1641 | D:2      | Noticed Natasha
  1649 | D:2      | Killed Natasha
  1971 | D:3      | Learned a level 4 spell: Olgreb's Toxic Radiance
  2067 | D:3      | Reached XP level 5. HP: 35/39 MP: 5/8
  2522 | D:3      | Noticed an ogre
  2568 | D:3      | Killed an ogre
  2569 | D:3      | Reached skill level 1 in Fighting
  2569 | D:3      | Reached XP level 6. HP: 41/47 MP: 3/9
  2975 | D:4      | Noticed Sigmund
  2975 | D:4      | Noticed Edmund
  3036 | D:3      | HP: 1/48 [Edmund/+1 flail of draining (3)]
  3036 | D:3      | Slain by Edmund

Illustrated notes

Levels and vault maps discovered:
D:1:      lemuel_arrival_river_bridge, layout_loops_ring, minivault_4
D:2:      layout_basic, uniq_natasha, uniq_robin
D:3:      layout_basic, portal_sewer_entry_e, hex_tiny
D:4:      wander_river, layout_basic, kiku_gazebo_garden_becter,
          nicolae_overflow_hallway_of_the_gods, minmay_temple_entry_sparse_star,
          uniq_menkaure, uniq_sigmund, uniq_edmund

Skill      XL: |  1  2  3  4  5 |
---------------+----------------+-----
Transmutations | 2 3 |  3.0
Poison Magic   | 4 |  4.6
Air Magic      | 1 2 |  2.2
Dodging        | 2 |  2.3
Fighting       | 1 |  1.5
Stealth        | |  1.7
Spellcasting   | |  2.4

Action                     |  1- 3 |  4- 6 || total
---------------------------+-------+-------++-------
  Melee: Dagger            |     6 |    38 ||    44
         Tailslap          |     2 |     4 ||     6
         Mace              |    17 |     3 ||    20
   Cast: Sting             |    42 |    56 ||    98
         Poisonous Vapours |       |     6 ||     6
    Use: Scroll            |       |     7 ||     7
         Potion            |       |     3 ||     3
   Stab: Sleeping          |       |     1 ||     1
 Armour: Skin              |    21 |    36 ||    57
  Dodge: Dodged            |    22 |    40 ||    62
